Map: Echo LE (Void)

Players

Javert - Winner!

  • Race: Zerg Zerg
  • League: Grandmaster

VOD

Have the link to the VOD?

Description

Time

  • Played on: June 17, 2015, 10:26 p.m.
  • Length: 2:52
Show
View Real Time Build Order
Export as new Build Order

Javert Zerg - Winner!

Build Orders: Hatch First 

Get SALT Encoding   

  12  0:04  Drone  
  12  0:09  Drone  
  12  0:16  Extractor  
  12  0:18  Drone  
  12  0:43  Hatchery  
  12  0:48  Extractor  
  12  0:51  Drone  
  12  1:02  Spawning Pool  
  12  1:07  Extractor  
  12  1:09  Drone x2, Extractor  
  12  1:15  Overlord  
  12  1:39  Drone x2  
  12  1:43  Drone  
  12  1:49  Queen  
  12  1:55  Zergling x2  
  12  1:56  Queen  
  12  2:02  Drone  
  12  2:06  Overlord  
  12  2:11  Drone  
  12  2:20  Drone x2  
  12  2:30  Drone x2  
Tags
 
Add a new tag
Caveats
  • Supply blocks, unpowered buildings, or Contaminate may cause inaccurate times.
  • Supply counts are checked every 10 seconds.